 Dungeon Crawl Stone Soup version 0.29.1-15-g9cfb28693d (webtiles) character file.

Game seed: 1293737314825425539

1173 unlimited1921 the Magician (level 8, 0/50 HPs)
             Began as a Djinni Fire Elementalist on Apr 7, 2023.
             Was an Initiate of Ashenzari.
             Slain by a komodo dragon (17 damage)
             ... on level 7 of the Dungeon.
             The game lasted 00:18:22 (8696 turns).

unlimited1921 the Magician (DjFE)                   Turns: 8696, Time: 00:18:23

Health: 0/50       AC:  4    Str: 12    XL:     8   Next: 68%
Gold:   203        EV: 13    Int: 18    God:    Ashenzari [......] SH:  0 Dex: 15

rFire   + + .      SeeInvis .   d - +1 whip "Xyriefep" {flame, Str+5 Stlth+}
rCold   x . .      Faith    .   (no shield)
rNeg    . . .      Spirit   .   a - +0 robe
rPois   ∞          Reflect  .   u - +0 helmet
rElec   .          Harm     .   (no cloak)
rCorr   .          Rampage  .   m - +0 pair of gloves
Will    +....                   (boots unavailable)
Stlth   +++.......              s - amulet of regeneration
HPRegen 0.96/turn               w - ring of willpower
MPRegen 0.00/turn               (no ring)

@: flying
A: sickness immunity, fire resistance 2, cold vulnerability 1, float, innate
caster, HP casting, extra vitality 1
a: Renounce Religion


You were on level 7 of the Dungeon.
You worshipped Ashenzari.
Ashenzari was noncommittal.
You visited 1 branch of the dungeon, and saw 6 of its levels.

You collected 203 gold pieces.

Inventory:

Hand Weapons
 d - the +1 whip "Xyriefep" (weapon) {flame, Str+5 Stlth+}
   (You found it on level 6 of the Dungeon)

   It burns those it strikes, dealing additional fire damage.
   Str:       It affects your strength (+5).
   Stlth:     It makes you more stealthy.
 h - a +3 halberd
 q - a +2 hand axe
 r - a +2 scimitar
Missiles
 f - 5 javelins
Armour
 a - a +0 robe (worn)
 l - a +0 leather armour
 m - a +0 pair of gloves (worn)
 p - the +4 ring mail of Day {rC+ rN+ MP+9}
   (You found it on level 6 of the Dungeon)

   rC:        It protects you from cold.
   rN:        It protects you from negative energy.
   MP:        It affects your magic capacity (+9).
 u - a +0 helmet (worn)
 v - a +0 kite shield
Jewellery
 s - an amulet of regeneration (around neck)
 w - a ring of willpower (left hand)
Wands
 t - a wand of charming (11)
Scrolls
 b - 2 scrolls of teleportation
 c - 2 scrolls of poison {unknown}
 k - a scroll of enchant armour {unknown}
Potions
 e - a potion of flight {unknown}
 g - a potion of cancellation {unknown}
 i - a potion of heal wounds {unknown}
 j - 2 potions of haste {unknown}
 n - 3 potions of curing {unknown}
 o - 2 potions of brilliance {unknown}
 x - a potion of mutation {unknown}


   Skills:
 + Level 3.0 Dodging
 + Level 3.1 Stealth
 * Level 2.7 Shields
 + Level 7.0 Spellcasting


You had 3 spell levels left.
You knew the following spells:

 Your Spells              Type           Power      Damage    Failure   Level
a - Foxfire               Conj/Fire      100%       2x1d9     1%          1
b - Scorch                Fire           62%        2d8       1%          2
c - Conjure Flame         Conj/Fire      31%        6-21      1%          3
d - Inner Flame           Hex/Fire       31%        N/A       1%          3
e - Flame Wave            Conj/Fire      31%        2d9       6%          4
f - Magic Dart            Conj           100%       1d8       1%          1
g - Passwall              Tmut/Erth      25%        N/A       1%          2
h - Searing Ray           Conj           62%        2d6       1%          2
Your spell library was empty.

Dungeon Overview and Level Annotations

Branches:
Dungeon (7/15)
 Temple: D:4-7

Altars:
Ashenzari
Zin

Shops:
D:5 (

Annotations:
D:7 1 transporter, jziggy's ghost, novice GnTm


Innate Abilities, Weirdness & Mutations

You are immune to sickness and miasma.
You are immune to poison.
Your flesh is very heat resistant. (rF++)
You are vulnerable to cold. (rC-)
You float through the air rather than walking.
You learn spells naturally, not from books.
Your magical power is your life essence.
You have superior vitality. (+4 MHP)


Message History

A komodo dragon comes into view.
A komodo dragon is nearby!
You conjure some foxfire!
The komodo dragon hisses angrily.
You conjure some foxfire!
The foxfire hits the komodo dragon.
The komodo dragon is lightly wounded.
The foxfire hits the komodo dragon but does no damage.
The komodo dragon is lightly wounded.
You conjure some foxfire!
The foxfire hits the komodo dragon but does no damage.
The komodo dragon is lightly wounded.
The foxfire hits the komodo dragon.
The komodo dragon is lightly wounded.
You conjure some foxfire!
The foxfire hits the komodo dragon but does no damage.
The komodo dragon is lightly wounded.
The foxfire hits the komodo dragon.
The komodo dragon is moderately wounded.
You conjure some foxfire!
The foxfire hits the komodo dragon but does no damage.
The komodo dragon is moderately wounded.
The foxfire hits the komodo dragon.
The komodo dragon is moderately wounded.
The komodo dragon bites you!!
Ouch! That really hurt!
Press: ? - help, v - describe, . - travel
Here: a komodo dragon (moderately wounded, ally target)
The floor.
Unknown command.
Casting: Foxfire (safe; 1% risk of failure)
Confirm with . or Enter, or press ? or * to list all spells.
Flames lash the komodo dragon.
The komodo dragon is moderately wounded.
The komodo dragon's fire resistance burns away.
The foxfire hits the komodo dragon.
The komodo dragon is burned terribly!
The komodo dragon is moderately wounded.
The foxfire hits the komodo dragon.
The komodo dragon is burned terribly!
The komodo dragon is heavily wounded.
The komodo dragon bites you!
You die...

.........#s##...##. ....
#....##..#FWB......
....##....##..##8.....8#
...............#########
...................©....
......).................
..................#....#
.......l...........#
....).)@...........#
....##§...##.......+ .
#....##.......#
#.....#.......#
+.....#....<..#
#.....+.......#
#######.......#
#.......# #.......#


You could see a komodo dragon (combustible).

Vanquished Creatures
  An ice beast (D:5)
  An ogre (D:6)
  A centaur (D:6)
  3 scorpions
  7 wights
  2 orc priests
  An iguana (D:6)
  Natasha (thrice) (D:3)
  4 orc wizards
  4 adders
  A shadow imp (D:6)
  A white imp (D:6)
  3 ufetubi (D:5)
  7 orcs
  9 endoplasms
  4 giant cockroaches
  2 goblins
  4 hobgoblins
  3 jackals (D:2)
  2 quokkas
  A ball python (D:2)
  6 bats
  A frilled lizard (D:1)
  2 kobolds
  3 rats
76 creatures vanquished.

Vanquished Creatures (others)
  371 foxfires
371 creatures vanquished.

Grand Total: 447 creatures vanquished

Notes
Turn   | Place    | Note
-------+----------+-------------------------------------------
     0 | D:1      | unlimited1921 the Djinni Fire Elementalist began the quest
                  | for the Orb.
     0 | D:1      | unlimited1921 set off with the following spells memorised:
                  | Foxfire, Scorch, Conjure Flame, Inner Flame, Flame Wave.
     0 | D:1      | Reached XP level 1. HP: 15/15 MP: 0/0
   606 | D:1      | Reached XP level 2. HP: 17/21 MP: 0/0
  2277 | D:2      | Reached skill level 3 in Spellcasting
  2708 | D:2      | Reached XP level 3. HP: 23/25 MP: 0/0
  2708 | D:2      | Learned a level 1 spell: Magic Dart
  4705 | D:3      | Noticed Natasha
  4710 | D:3      | Killed Natasha
  4711 | D:3      | Reached XP level 4. HP: 26/31 MP: 0/0
  4908 | D:3      | Noticed Natasha
  4915 | D:3      | Killed Natasha
  4955 | D:3      | Noticed Natasha
  4959 | D:3      | Killed Natasha
  4960 | D:3      | Reached skill level 4 in Spellcasting
  4960 | D:3      | Reached XP level 5. HP: 18/35 MP: 0/0
  4960 | D:3      | Learned a level 2 spell: Passwall
  5961 | D:3      | Reached XP level 6. HP: 33/40 MP: 0/0
  6053 | D:3      | You are sucked into a shaft and drop 2 floors!
  6053 | D:5      | Entered Level 5 of the Dungeon
  6334 | D:5      | Reached skill level 5 in Spellcasting
  6441 | D:5      | Reached XP level 7. HP: 35/45 MP: 0/0
  6441 | D:5      | Learned a level 2 spell: Searing Ray
  6903 | D:5      | Found Hyph's Antique Weapon Boutique.
  7103 | D:5      | Found a broken altar of Ashenzari.
  7580 | D:5      | Became a worshipper of Ashenzari the Shackled
  7643 | D:6      | Identified the +1 whip "Xyriefep" {flame, Str+5 Stlth+}
  7662 | D:6      | Reached skill level 1 in Shields
  7689 | D:6      | Reached skill level 6 in Spellcasting
  7692 | D:6      | Reached XP level 8. HP: 35/50 MP: 0/0
  7749 | D:6      | Found a glowing silver altar of Zin.
  7961 | D:6      | Identified the +4 ring mail of Day {rC+ rN+ MP+9}
  8627 | D:7      | Found a transporter.
  8630 | D:7      | Noticed jziggy's ghost (novice GnTm)
  8635 | D:7      | Noticed a boulder beetle
  8648 | D:7      | Reached skill level 7 in Spellcasting
  8688 | D:7      | Noticed a komodo dragon
  8696 | D:7      | Slain by a komodo dragon

Illustrated notes

Levels and vault maps discovered:
D:1:      lemuel_arrival_cross, layout_basic, grunt_decor_resistance
D:2:      wander_river, layout_basic
D:3:      layout_rooms, mainiacjoe_overflow_brackets,
          mainiacjoe_overflow_tiny_flanked, uniq_natasha
D:5:      layout_basic, nicolae_ashenzari_panopticon, serial_shops, shop
D:6:      layout_rooms, mainiacjoe_overflow_boulevard,
          minmay_misc_feat_nine_boxes
D:7:      layout_gridville, gammafunk_ghost_arena

Skill      XL: |  1  2  3  4  5  6  7  8 |
---------------+-------------------------+-----
Spellcasting   | 3 4 5 6 7 |  7.0
Stealth        | 2 3 |  3.1
Shields        | 1 2 |  2.7
Dodging        | 3 |  3.0

Action                   |  1- 3 |  4- 6 |  7- 9 || total
-------------------------+-------+-------+-------++-------
Melee: Whip              |       |       |     3 ||     3
 Cast: Foxfire           |    87 |    66 |    69 ||   222
       Scorch            |     5 |     4 |     5 ||    14
       Inner Flame       |       |     1 |    17 ||    18
  Use: Scroll            |       |       |     4 ||     4
Armor: Robe              |     4 |       |       ||     4
Dodge: Dodged            |     8 |     8 |    13 ||    29
